 Dungeon Sprint DCSS version 0.17.1-3-g152610e (webtiles) character file.

242 Kokonut the Jinx (level 5, 0/36 HPs)
             Began as a Spriggan Enchanter on Feb 26, 2016.
             Slain by a necrophage (6 damage)
             ... in the Dungeon (Sprint II: "The Violet Keep of Menkaure").
             The game lasted 00:00:32 (26 turns).

Kokonut the Jinx (Spriggan Enchanter)                 Turns: 26, Time: 00:00:32

Health: 0/36       AC:  3    Str:  9    XL:     5   Next: 81%
Magic:  10/10      EV: 18    Int: 16    God:
Gold:   0          SH:  0    Dex: 18    Spells: 1 memorised, 8 levels left

rFire  . . .     SeeInvis +     a - +1 dagger
rCold  . . .     Clarity  .     b - +1 robe
rNeg   . . .     SustAt   .     (shield restricted)
rPois  .         Gourm    .     (helmet restricted)
rElec  .         Spirit   .     (no cloak)
rCorr  .         Warding  .     (gloves unavailable)
rMut   .         NoTele   +     (boots unavailable)
MR     .....                    (no amulet)
Stlth  ..........               (no ring)
                                (no ring)

@: berserking (expiring), very quick, not resistant to hostile enchantments,
extremely unstealthy
A: unfitting armour, see invisible, herbivore 3, speed 3, slow metabolism 2
a: no special abilities


You were in the Dungeon.
You were not hungry.

You visited 1 branch

Inventory:

Hand Weapons
 a - a +1 dagger (weapon)
Armour
 b - a +1 robe (worn)
Scrolls
 j - a scroll of blinking
Potions
 e - a potion of curing
 f - a potion of heal wounds
 g - a potion of haste
 h - 2 potions of magic
Books
 c - a book of Maledictions

   Spells                             Type                      Level
   a - Corona                         Hexes                        1
   b - Ensorcelled Hibernation        Hexes/Ice                    2
   c - Confuse                        Hexes                        3
   d - Tukima's Dance                 Hexes                        3
   e - Dazzling Spray                 Conjuration/Hexes            3
Comestibles
 d - a bread ration


   Skills:
 + Level 6.6 Short Blades
 - Level 3.0 Dodging
 + Level 10.3 Stealth
 - Level 2.6 Spellcasting
 * Level 10.7 Hexes


You had 8 spell levels left.
You knew the following spells:

 Your Spells              Type           Power        Failure   Level  Hunger
a - Corona                Hex            #####..      1%          1    #......


Dungeon Overview and Level Annotations

Branches:
Dungeon (1/1)

Altars:


Innate Abilities, Weirdness & Mutations

You are tiny and cannot use many weapons and most armour.
You have supernaturally acute eyesight.
You are a herbivore.
You cover ground extremely quickly.
You need consume almost no food.


Message History

You puncture the necrophage!
The necrophage is moderately damaged.
You hit the necrophage.
The necrophage is heavily damaged.
The necrophage completely misses you.
You puncture the necrophage!
The necrophage is severely damaged.
You puncture the necrophage!
You destroy the necrophage!
Your Short Blades skill increases to level 6!
Your Stealth skill increases to level 10!
Your Hexes skill increases to level 10!
You closely miss the necrophage. You barely miss the necrophage.
The necrophage barely misses you.
You puncture the necrophage!
The necrophage is moderately damaged.
You puncture the necrophage!
The necrophage is heavily damaged.
The necrophage hits you.
You die...

## ## H#
#H .#$ #
#+# .##
##.##B..#
+.<.+#
##@##B.$#
#n# .##
.#. # ..
.. ##.
.## ## ##


You could see a necrophage.

Vanquished Creatures
  3 necrophages (D)
3 creatures vanquished.

Notes
Turn   | Place    | Note
--------------------------------------------------------------
     0 | D        | Kokonut the Spriggan Enchanter began the quest for the Orb.
     0 | D        | Reached XP level 1. HP: 9/9 MP: 5/5
     1 | D        | Noticed a hippogriff
     1 | D        | Noticed a hippogriff
     4 | D        | Noticed a boulder beetle
     4 | D        | Noticed a boulder beetle
     7 | D        | Noticed a necrophage
     7 | D        | Noticed a necrophage
     7 | D        | Noticed a necrophage
     7 | D        | Noticed a necrophage
    12 | D        | Killed a necrophage
    12 | D        | Reached skill level 7 in Stealth
    12 | D        | Reached XP level 2. HP: 8/13 MP: 6/6
    12 | D        | Reached XP level 3. HP: 10/16 MP: 8/8
    12 | D        | Reached XP level 4. HP: 12/21 MP: 9/9
    18 | D        | Killed a necrophage
    18 | D        | Reached skill level 5 in Short Blades
    18 | D        | Reached skill level 9 in Stealth
    18 | D        | Reached XP level 5. HP: 5/24 MP: 10/10
    22 | D        | Killed a necrophage
    22 | D        | Reached skill level 10 in Stealth
    22 | D        | Reached skill level 10 in Hexes
    26 | D        | Slain by a necrophage

Action                   |  1- 3 |  4- 6 || total
-------------------------+-------+-------++-------
Melee: Dagger            |     3 |    14 ||    17
  Use: Potion            |     1 |       ||     1
